 Dungeon Crawl Stone Soup version 0.32-a0-699-g1ee5eff69a (webtiles) character file.

Game seed: 16460232784198325478

3476 ytrimaz the Protected (level 10, 0/70 HPs)
             Began as a Coglin Fighter on Mar 14, 2024.
             Killed by divine providence
             ... invoked by an orc priest
              (16 damage)
             ... on level 9 of the Dungeon.
             The game lasted 00:07:44 (8569 turns).

ytrimaz the Protected (Coglin Fighter)              Turns: 8569, Time: 00:07:45

Health: 0/70       AC: 28    Str: 20    XL:     10   Next: 6%
Magic:  10/10      EV:  6    Int:  8    God:
Gold:   236        SH:  0    Dex: 14    Spells: 9/9 levels left

rFire   . . .        n - +3 mace of Chagrin {freeze, +Blink rCorr}
rCold   . . .        y - +0 flail (protect) {Navbir}
rNeg    . . .        H - +0 plate armour
rPois   .            p - +2 hat
rElec   .            (no cloak)
rCorr   +            o - +0 pair of gloves
SInv    .            g - +1 pair of boots
Will    .....        (amulet unavailable) Stlth
                     (ring unavailable)
HPRegen 0.31/turn    (ring unavailable)
MPRegen 0.12/turn    (no gizmo)

%: no passive effects
@: under a protective aura, hasted, revving, very quick
A: off-hand wielding, slow wielding, warmup strikes, no jewellery
a: Invent Gizmo, Convert to Beogh, Evoke Blink


You were on level 9 of the Dungeon.
You visited 2 branches of the dungeon, and saw 10 of its levels.

You collected 452 gold pieces.
You spent 216 gold pieces at shops.


Innate Abilities, Weirdness & Mutations

You can wield a second weapon in your off-hand.
It takes a long time for you to wield or remove held weapons.
Your first few attacks do less damage.
You cannot equip rings or amulets.


   Skills:
 - Level 3.0 Fighting
 + Level 5.5 Maces & Flails
 + Level 12.0 Armour
 - Level 2.1 Shields


You had 9 spell levels left.
You didn't know any spells.
Your spell library contained the following spells:

 Spells                   Type           Power      Damage    Failure   Level
 Sandblast                Erth           0%         2d4       99%         1
 Shock                    Conj/Air       0%         1d3       99%         1
 Blink                    Tloc           0%         N/A       100%        2
 Call Imp                 Summ           0%         N/A       100%        2
 Lesser Beckoning         Tloc           0%         N/A       100%        2
 Mercury Vapours          Alch/Air       0%         N/A       100%        2
 Momentum Strike          Conj/Tloc      0%         3d8       100%        2
 Sublimation of Blood     Necr           0%         N/A       100%        2
 Mephitic Cloud           Conj/Alch/Air  0%         N/A       100%        3
 Stone Arrow              Conj/Erth      0%         3d7       100%        3
 Swiftness                Air            0%         N/A       100%        3
 Airstrike                Air            0%         2d(0-16)  100%        4
 Brom's Barrelling Bould  Conj/Erth      0%         2d3       100%        4
 Freezing Cloud           Conj/Ice/Air   0%         6-21      100%        5
 Summon Forest            Summ/Tloc      0%         N/A       100%        5
 Summon Mana Viper        Hex/Summ       0%         N/A       100%        5
 Summon Cactus Giant      Summ           0%         N/A       100%        6
 Summon Hydra             Summ           0%         N/A       100%        7

Inventory:

Hand Weapons
 a - a +1 vampiric flail {Branko}
 h - a +0 flail {Jinae}
   (You found it on level 1 of the Dungeon)
 n - the +3 mace of Chagrin (weapon) {freeze, +Blink rCorr}
   (You bought it in a shop on level 2 of the Dungeon)

   +Blink:    It lets you blink.
   rCorr:     It protects you from acid and corrosion.
 r - a +0 morningstar {Rodica}
   (You took it off an orc on level 4 of the Dungeon)
 y - a +0 flail of protection (offhand) {Navbir}
   (You took it off a gnoll on level 6 of the Dungeon)
 z - a +0 morningstar
   (You took it off an orc on level 6 of the Dungeon)
Missiles
 v - a throwing net
Armour
 g - a +1 pair of boots (worn)
   (You found it on level 1 of the Dungeon)
 o - a +0 pair of gloves (worn)
   (You found it on level 3 of the Dungeon)
 p - a +2 hat (worn)
   (You found it on level 5 of the Dungeon)
 H - a +0 plate armour (worn)
   (You took it off an orc warrior on level 8 of the Dungeon)
Wands
 q - a wand of charming (10)
   (You found it on level 4 of the Dungeon)
 A - a wand of warping (12) (quivered)
   (You found it on level 7 of the Dungeon)
 G - a wand of mindburst (19)
   (You took it off a centaur on level 8 of the Dungeon)
Scrolls
 i - 3 scrolls of enchant weapon
 k - 2 scrolls of amnesia
 m - 4 scrolls of teleportation
 s - a scroll of fog
 w - a scroll of enchant armour
 D - 2 scrolls of revelation
 E - a scroll of vulnerability
 F - a scroll of blinking
Potions
 c - a potion of attraction
 d - a potion of might
 e - a potion of enlightenment
 f - a potion of berserk rage {unknown}
 j - 3 potions of haste
 l - a potion of cancellation {unknown}
 t - a potion of curing
 u - 3 potions of mutation
 x - a potion of degeneration {unknown}
 B - a potion of brilliance {unknown}

Dungeon Overview and Level Annotations

Branches:
Dungeon (9/15) Zot: 26288  Temple (1/1) D:5 Zot: 5983
   Lair: D:8-11         Orc: D:9-12

Altars:
Cheibriados
Dithmenos
Elyvilon
Fedhas
Gozag
Hepliaklqana
Kikubaaqudgha
Makhleb
Okawaru
Qazlal
Ru
Sif Muna
Trog
Uskayaw
Vehumet
Yredelemnul
Zin
The Shining One
Lugonu

Shops:
D:2

*[?* . ..#...........<...^.
...##..#.......(.......
.......#........##..... .
........(........##.... .
........................ ##
......................... .# #.#
.......#o...............# .#
##.####.....#o{..#...........# .#
#..#.##...###@##.#............
#####........#..o####...........#
.##...<.#.........##.............
......###...............)........
.....## #..........####.)).......
....## #...##..#.###..........#.
....# ##.####.####..#..<.....#.
....## #.###...# #..#..>....##.
.....#####...##.####.##...##...#.


You could see an orc warrior, an orc priest and an orc.


Message History

The howler monkey howls!
The howler monkey hoots and howls with incredible vigour!
You hear a roar!
You hear a shout! x3
You closely miss the howler monkey with your +0 flail of protection.
You hit the howler monkey with the +3 mace of Chagrin.
You freeze the howler monkey.
The howler monkey hits you but does no damage. x2
Unknown command.
You barely miss the howler monkey with your +0 flail of protection.
You closely miss the howler monkey with the +3 mace of Chagrin.
The howler monkey barely misses you.
The howler monkey hoots and howls with incredible vigour!
You hear a shout!
You sock the howler monkey with the +3 mace of Chagrin!
You freeze the howler monkey.
You barely miss the howler monkey with your +0 flail of protection.
The howler monkey hits you but does no damage.
The howler monkey hits you. 😕 HP[-1]
You take 1 damage, and now have 69/70 hp.
The howler monkey hits you but does no damage. 😎 HP[+1]
Your hp is fully restored (70).
You hit the howler monkey with the +3 mace of Chagrin.
You freeze the howler monkey.
You kill the howler monkey!
Unknown command.
No target in view!
Found a stone staircase leading up.
You now have 211 gold pieces (gained 11).
You now have 223 gold pieces (gained 12).
Key pressed, stopping explore.
You now have 236 gold pieces (gained 13).
Key pressed, stopping explore.
Key pressed, stopping explore.
No target in view!
Key pressed, stopping explore.
No target in view!
An orc warrior comes into view. It is wielding a +0 scimitar.
The orc warrior shouts!
You hear a shout!
An orc priest comes into view. It is wielding a +0 flail.
The orc warrior throws a stone.
The stone hits you. 😕 HP[-6]
You take 6 damage, and now have 64/70 hp.
There are monsters nearby!
An orc wizard comes into view. It is wielding a +0 dagger.
There are monsters nearby!
The orc warrior hits you but does no damage. 😕 HP[+1]
You hit the orc warrior with the +3 mace of Chagrin.
You freeze the orc warrior.
You hit the orc warrior but do no damage.
Your weapon exudes an aura of protection.
An orc comes into view. It is wielding a +0 club.
The orc warrior hits you but does no damage.
The orc wizard gestures wildly while chanting.
The orc wizard flickers and vanishes!
Deactivating autopickup; reactivate with Ctrl-A.
The orc shouts!
Unknown command.
You barely miss the orc warrior with your +0 flail of protection.
You closely miss the orc warrior with the +3 mace of Chagrin.
The orc priest calls upon Beogh to heal the orc warrior.
The orc warrior's wounds heal themselves!
The orc priest mumbles some strange prayers to Beogh against you.
Beogh smites you!
The orc warrior hits you but does no damage.
Something completely misses you.
You are too injured to fight recklessly! 😮 HP[-13]
You take 13 damage, and now have 52/70 hp.
Unknown command.
You barely miss something with your +0 flail of protection.
You completely miss something with the +3 mace of Chagrin.
The orc priest calls down the wrath of Beogh upon you.
Beogh smites you!
The orc warrior hits you with a +0 scimitar!
* * * LOW HITPOINT WARNING * * *
Something hits you but does no damage.
The orc priest shouts, "Surrender to Beogh and we'll let you live!" (press Y on the ability menu to convert to Beogh) 😨 HP[-25]
You take 25 damage, and now have 27/70 hp.
MASSIVE DAMAGE!! (PAUSE)
You feel yourself speed up.
The orc priest invokes the aid of Beogh against you.
Beogh smites you!
* * * LOW HITPOINT WARNING * * *
The orc warrior hits you with a +0 scimitar.
* * * LOW HITPOINT WARNING * * *
Something hits you but does no damage. 😱 HP[-11]
You take 11 damage, and now have 16/70 hp.
You barely miss the orc warrior with the +3 mace of Chagrin.
The orc priest shouts, "Beogh offers mercy even to people such as you.
Join us and be reborn!"
You hit the orc warrior but do no damage.
Your weapon exudes an aura of protection.
The orc priest calls down the wrath of Beogh upon you.
Beogh smites you!
You die...

Skill      XL: |  1  2  3  4  5  6  7  8  9 10 |
---------------+-------------------------------+-----
Maces & Flails | 2 5 |  5.5
Armour         | 3 4 5 6 8 10 11 12 | 12.0
Fighting       | |  3.0
Shields        | |  2.1

Action                     |  1- 3 |  4- 6 |  7- 9 | 10-12 || total
---------------------------+-------+-------+-------+-------++-------
  Melee: Flail             |    76 |   152 |   182 |     9 ||   419
         Whip              |    29 |       |       |       ||    29
         Morningstar       |       |    58 |     4 |       ||    62
         Mace              |       |       |   189 |    10 ||   199
  Evoke: Wand              |       |       |     2 |       ||     2
    Use: Scroll            |     4 |     6 |     5 |       ||    15
         Potion            |       |       |     5 |     1 ||     6
 Armour: Scale mail        |    56 |   116 |   201 |       ||   373
         Plate armour      |       |       |    84 |    15 ||    99
  Dodge: Dodged            |    34 |    71 |   117 |     2 ||   224
  Block: Buckler           |     2 |       |       |       ||     2

Levels and vault maps discovered:
D:1:      lightli_molten_gateway, layout_basic, minmay_misc_feat_plants,
          minmay_pentomino_x2
D:2:      layout_basic, serial_shops, shop, shop, nicolae_shop_statue_plus,
          nicolae_shop_back_alley_shop
D:3:      layout_basic, mainiacjoe_overflow_24_doors,
          mainiacjoe_overflow_boulevard
D:4:      layout_cave_pools, portal_sewer_entry_e
D:5:      layout_rooms, mainiacjoe_overflow_six_doors_small,
          minmay_temple_entry_statues_fountains
D:6:      layout_cave_pools, kiku_gazebo_pond_becter,
          hangedman_abyss_or_decor_stagger
D:7:      layout_loops_ring, lightli_temple_of_fire, tgw_sif,
          dancing_weapons_uskayaw, lemuel_doored_altar
D:8:      layout_basic, uniq_maggie
D:9:      layout_cave_pools, nicolae_overflow_hidden_temple
Temple:   corrupted_temple

Notes
Turn   | Place    | Note
-------+----------+-------------------------------------------
     0 | D:1      | ytrimaz the Coglin Fighter began the quest for the Orb.
     0 | D:1      | Reached XP level 1. HP: 18/18 MP: 1/1
    22 | D:1      | magus.rc [v1.9.6]
    57 | D:1      | You pick up a book of Spatial Translocations and begin
                  | reading...
    57 | D:1      | You add the spells Blink, Momentum Strike and Lesser
                  | Beckoning to your library.
   112 | D:1      | Reached skill level 2 in Maces & Flails
   161 | D:1      | Reached XP level 2. HP: 24/24 MP: 2/2
   424 | D:1      | Reached skill level 3 in Armour
   543 | D:1      | Reached XP level 3. HP: 23/29 MP: 3/3
   783 | D:2      | Found Vegen's Assorted Antiques.
   972 | D:2      | You pick up a book of Vapours and begin reading...
   972 | D:2      | You add the spells Mercury Vapours, Mephitic Cloud and
                  | Freezing Cloud to your library.
   979 | D:2      | Reached skill level 4 in Armour
   979 | D:2      | Reached XP level 4. HP: 31/35 MP: 4/4
  1021 | D:2      | Found Qamnesarr's Magic Scroll Boutique.
  1086 | D:2      | Found Onih Teitz's Antique Armour Boutique.
  1107 | D:2      | Found Nix Idwou's Assorted Antiques.
  1714 | D:3      | Found a radiant altar of Vehumet.
  1844 | D:3      | Found a glowing golden altar of the Shining One.
  2346 | D:4      | Reached XP level 5. HP: 36/41 MP: 5/5
  2355 | D:4      | Reached skill level 5 in Armour
  2648 | D:4      | You pick up a book of the Wilderness and begin reading...
  2648 | D:4      | You add the spells Summon Forest, Summon Mana Viper and
                  | Summon Cactus Giant to your library.
  2703 | D:4      | You pick up a book of Air and begin reading...
  2703 | D:4      | You add the spells Shock, Swiftness and Airstrike to your
                  | library.
  2784 | D:4      | Reached XP level 6. HP: 47/47 MP: 6/6
  2828 | D:4      | Reached skill level 6 in Armour
  3230 | D:5      | Entered Level 5 of the Dungeon
  3535 | D:5      | Reached XP level 7. HP: 42/52 MP: 7/7
  3634 | D:2      | Bought an ichor-stained mace for 216 gold pieces
  3634 | D:2      | Identified the +3 mace of Chagrin {freeze, +Blink rCorr}
                  | (You bought it in a shop on level 2 of the Dungeon)
  3781 | D:5      | Reached skill level 7 in Armour
  3911 | D:5      | Found a staircase to the Ecumenical Temple.
  3924 | D:5      | You pick up a book of Geomancy and begin reading...
  3924 | D:5      | You add the spells Sandblast, Stone Arrow and Brom's
                  | Barrelling Boulder to your library.
  3933 | Temple   | Entered the Ecumenical Temple
  3966 | D:5      | You pick up a book of Blood and begin reading...
  3966 | D:5      | You add the spells Call Imp, Sublimation of Blood and
                  | Summon Hydra to your library.
  4203 | D:5      | Found an iron altar of Okawaru.
  4465 | D:6      | Found an ancient bone altar of Kikubaaqudgha.
  4679 | D:6      | Reached skill level 8 in Armour
  4753 | D:6      | Reached XP level 8. HP: 52/58 MP: 8/8
  5291 | D:7      | Reached skill level 9 in Armour
  5953 | D:7      | Noticed a +0 dagger
  5954 | D:7      | Noticed a +0 hand axe
  5955 | D:7      | Found a hide-covered altar of Uskayaw.
  6003 | D:7      | Found a stormy altar of Qazlal.
  6085 | D:7      | Found a shimmering blue altar of Sif Muna.
  6185 | D:7      | Found a burning altar of Makhleb.
  6306 | D:8      | Reached skill level 10 in Armour
  6649 | D:8      | Reached XP level 9. HP: 49/63 MP: 9/9
  7351 | D:8      | Noticed Maggie
  7360 | D:8      | Reached skill level 11 in Armour
  7370 | D:8      | HP: 13/63 [Maggie/+2 war axe of venom (4)]
  7371 | D:8      | Killed Maggie
  7372 | D:8      | Reached skill level 3 in Maces & Flails
  7883 | D:9      | Reached skill level 4 in Maces & Flails
  8053 | D:9      | Found a blossoming altar of Fedhas.
  8183 | D:9      | Noticed a two-headed ogre
  8196 | D:9      | HP: 15/63 [two-headed ogre/+0 giant club (12)]
  8197 | D:9      | Killed a two-headed ogre
  8198 | D:9      | Reached skill level 5 in Maces & Flails
  8198 | D:9      | Reached XP level 10. HP: 15/70 MP: 10/10
  8393 | D:9      | Reached skill level 12 in Armour
  8568 | D:9      | HP: 16/70 [orc warrior/+0 scimitar (3)]
  8569 | D:9      | Killed from afar by an orc priest

Vanquished Creatures
  A two-headed ogre (D:9)
  Maggie (D:8)
  A wyvern (D:9)
  A water moccasin (D:7)
  An orc warrior (D:8)
  A sky beast (D:8)
  3 centaurs (D:8)
  A phantom (D:6)
  2 kobold brigands
  5 bullfrogs
  A scorpion (D:4)
  A gnoll sergeant (D:5)
  3 wights (D:9)
  3 killer bees (D:8)
  3 howler monkeys
  A bombardier beetle (D:5)
  2 jellies
  5 hounds
  4 orc priests
  A gnoll bouda (D:6)
  A sleepcap (D:6)
  4 iguanas
  4 orc wizards
  8 adders
  6 gnolls
  A river rat (D:4)
  A shadow imp (D:6)
  2 ribbon worms (D:2)
  3 dart slugs (D:1)
  19 orcs
  3 bats
  7 endoplasms
  7 giant cockroaches
  6 goblins
  6 hobgoblins
  18 kobolds
  5 quokkas
  2 ball pythons
  5 frilled lizards
  5 rats
154 creatures vanquished.

Table legend:
 A = Non-vault XP
 B = Vault XP
 C = Vault XP percentage of total XP
 D = Non-vault monster count
 E = Vault monster count
 F = Vault count percentage of total count
                 A         B        C        D         E       F
            +---------+---------+-------+---------+---------+-------
      Total |    4500 |     467 |   9.4 |     142 |      12 |   7.8
            +---------+---------+-------+---------+---------+-------
        D:1 |      36 |       4 |  10.0 |      17 |       2 |  10.5
        D:2 |      85 |       0 |   0.0 |      21 |       0 |   0.0
        D:3 |      19 |       0 |   0.0 |       4 |       0 |   0.0
        D:4 |     317 |      24 |   7.0 |      21 |       8 |  27.6
        D:5 |     382 |       0 |   0.0 |      16 |       0 |   0.0
        D:6 |     345 |       0 |   0.0 |      12 |       0 |   0.0
        D:7 |     766 |      35 |   4.4 |      19 |       1 |   5.0
        D:8 |    1055 |     404 |  27.7 |      24 |       1 |   4.0
        D:9 |    1495 |       0 |   0.0 |       8 |       0 |   0.0
            +---------+---------+-------+---------+---------+-------

Skill      XL: |  1  2  3  4  5  6  7  8  9 10 |
---------------+-------------------------------+-----
Maces & Flails | 2 5 |  5.5
Armour         | 3 4 5 6 8 10 11 12 | 12.0
Fighting       | |  3.0
Shields        | |  2.1

Action                     |  1- 3 |  4- 6 |  7- 9 | 10-12 || total
---------------------------+-------+-------+-------+-------++-------
  Melee: Flail             |    76 |   152 |   182 |     9 ||   419
         Whip              |    29 |       |       |       ||    29
         Morningstar       |       |    58 |     4 |       ||    62
         Mace              |       |       |   189 |    10 ||   199
  Evoke: Wand              |       |       |     2 |       ||     2
    Use: Scroll            |     4 |     6 |     5 |       ||    15
         Potion            |       |       |     5 |     1 ||     6
 Armour: Scale mail        |    56 |   116 |   201 |       ||   373
         Plate armour      |       |       |    84 |    15 ||    99
  Dodge: Dodged            |    34 |    71 |   117 |     2 ||   224
  Block: Buckler           |     2 |       |       |       ||     2

Illustrated notes

Table legend:
 A = Kills in this place as a percentage of kills in the entire game.
 B = Kills by you in this place as a percentage of kills by you in the entire game.
 C = Kills by friends in this place as a percentage of kills by friends in the entire game.
 D = Other kills in this place as a percentage of other kills in the entire game.
 E = Experience gained in this place as a percentage of experience gained in the entire game.
 F = Experience gained in this place divided by the number of levels of this place that you have seen.
                   A       B       C       D       E      F
               +-------+-------+-------+-------+-------+----------------------
         Total | 100.0 | 100.0 |   N/A |   N/A | 100.0 | 496.7
       Dungeon | 100.0 | 100.0 |   N/A |   N/A | 100.0 | 551.9
               +-------+-------+-------+-------+-------+----------------------

Table legend: (Time is in decaauts)
 A = Elapsed time spent in this place.
 B = Non-inter-level travel time spent in this place.
 C = Inter-level travel time spent in this place.
 D = Time resting spent in this place.
 E = Time spent auto-exploring this place.
 F = Levels seen in this place.
 G = Mean time per level.
                   A        B        C        D        E       F      G
               +--------+--------+--------+--------+--------+-----+--------+
         Total |   8664 |   8242 |    422 |    687 |   6140 |  10 |  866.4 |
       Dungeon |   8647 |   8225 |    422 |    687 |   6140 |   9 |  960.8 |
        Temple |     17 |     17 |      0 |      0 |      0 |   1 |   17.0 |
               +--------+--------+--------+--------+--------+-----+--------+

Top non-repeatable levels by time:
     D:8: 1583 daAuts
     D:7: 1324 daAuts
     D:4: 1177 daAuts
     D:2: 965 daAuts
     D:1: 760 daAuts
     D:3: 725 daAuts
     D:6: 715 daAuts
     D:9: 711 daAuts
     D:5: 684 daAuts
  Temple: 17 daAuts
